 Dungeon Crawl Stone Soup version 0.30.0-29-ga12c61a403 (webtiles) character file.

Game seed: 369995825104426684

34736 Graphine the Demonic Catastrophe (level 13, -3/103 HPs)
             Began as a Demonspawn Monk on June 21, 2023.
             Was an Elder of Qazlal.
             Slain by a skyshark (7 damage)
             ... on level 2 of the Shoals.
             The game lasted 00:30:25 (11405 turns).

Graphine the Demonic Catastrophe (Demonspawn Monk) Turns: 11405, Time: 00:30:27

Health: -3/103     AC: 31    Str: 12    XL:     13   Next: 43%
Magic:  0/22       EV:  9    Int: 10    God:    Qazlal [****..]
Gold:   492        SH:  0    Dex: 24    Spells: 24/24 levels left

rFire   + . .        C - +7 short sword "Reefuwimp" {drain, rElec rN++ Str+2}
rCold   + + +        N - +0 kite shield "Wiffues" {rPois rC+ rCorr Dex+3}
rNeg    + + .        v - +8 chain mail "Wuut" {rElec rC++ Int-5 SInv}
rPois   +            o - +2 hat of Entitlement {Rampage Int+4}
rElec   +            i - +0 cloak
rCorr   +            (no gloves)
SInv    +            (no boots)
Will    .....        r - amulet of reflection Stlth
                     a - ring of protection from cold
HPRegen 0.37/turn    F - ring of protection from fire
MPRegen 0.36/turn

%: repel missiles, reflection, guardian spirit, rampage
@: confused, ambrosia-drunk, spiked, sanguine armoured
A: horns 1, spiny 1, magic shield, magic regeneration, magic link, sanguine
armour 2, large bone plates 1, weak 1
a: Renounce Religion, Upheaval, Elemental Force


You were on level 2 of the Shoals.
You worshipped Qazlal.
Qazlal was greatly pleased with you.
You visited 4 branches of the dungeon, and saw 13 of its levels.
You also visited: Gauntlet.

You collected 503 gold pieces.
You spent 11 gold pieces at shops.

Inventory:

Hand Weapons
 s - the +3 whip "Nogosate" {vamp, rPois rN+ Will+}
   (You found it on level 3 of the Dungeon)

   rPois:     It protects you from poison.
   rN:        It protects you from negative energy.
   Will:      It increases your willpower.
 C - the +7 short sword "Reefuwimp" (weapon) {drain, rElec rN++ Str+2}
   (You took it off a centaur on level 6 of the Dungeon)

   Str:       It affects your strength (+2).
   rElec:     It insulates you from electricity.
   rN:        It greatly protects you from negative energy.
Missiles
 w - 11 silver javelins (quivered)
Armour
 i - a +0 cloak (worn)
 o - the +2 hat of Entitlement (worn) {Rampage Int+4}
   (You found it on level 5 of the Dungeon)

   Int:       It affects your intelligence (+4).
   Rampage:   It bestows one free step when moving towards enemies.
 v - the +8 chain mail "Wuut" (worn) {rElec rC++ Int-5 SInv}
   (You found it on level 4 of the Dungeon)

   Int:       It affects your intelligence (-5).
   rC:        It greatly protects you from cold.
   rElec:     It insulates you from electricity.
   SInv:      It lets you see invisible.
 G - +2 gold dragon scales
 L - a +2 tower shield
 N - the +0 kite shield "Wiffues" (worn) {rPois rC+ rCorr Dex+3}
   (You took it off a minotaur in a Gauntlet)

   Dex:       It affects your dexterity (+3).
   rC:        It protects you from cold.
   rPois:     It protects you from poison.
   rCorr:     It protects you from acid and corrosion.
Jewellery
 a - a ring of protection from cold (left hand)
 k - a ring of resist corrosion
 r - an amulet of reflection (around neck)
 y - an amulet of the acrobat
 E - a ring of see invisible
 F - a ring of protection from fire (right hand)
 J - a +5 ring of evasion
 Q - a ring of wizardry
Wands
 H - a wand of mindburst (16)
 I - a wand of iceblast (4)
 M - a wand of flame (28)
Scrolls
 e - 2 scrolls of amnesia
 f - 4 scrolls of teleportation
 m - a scroll of torment
 q - a scroll of fear
 x - a scroll of magic mapping
 z - a scroll of fog
 D - 3 scrolls of vulnerability
 K - 2 scrolls of enchant weapon
 P - a scroll of poison
Potions
 h - a potion of lignification
 j - 2 potions of attraction
 l - 2 potions of mutation
 n - 5 potions of haste
 p - a potion of flight
 t - a potion of magic {unknown}
 u - a potion of resistance {unknown}
 A - 2 potions of cancellation
 B - 2 potions of brilliance


   Skills:
 + Level 9.9 Fighting
 + Level 7.1(7.5) Short Blades
 - Level 3.2(5.6) Long Blades
 - Level 3.8 Maces & Flails
 + Level 8.2 Armour
 + Level 9.0 Dodging
 + Level 8.2 Shields
 + Level 6.3 Spellcasting
 + Level 11.9 Invocations


You had 24 spell levels left.
You didn't know any spells.
Your spell library contained the following spells:

 Spells                   Type           Power      Damage    Failure   Level
 Shock                    Conj/Air       12%        1d3       100%        1
 Blink                    Tloc           6%         N/A       100%        2
 Lesser Beckoning         Tloc           6%         N/A       100%        2
 Momentum Strike          Conj/Tloc      6%         3d8       100%        2
 Scorch                   Fire           6%         2d5       100%        2
 Call Canine Familiar     Summ           3%         N/A       100%        3
 Portal Projectile        Hex/Tloc       6%         N/A       100%        3
 Swiftness                Air            3%         N/A       100%        3
 Tukima's Dance           Hex            3%         N/A       100%        3
 Airstrike                Air            1%         2d(1-17)  100%        4
 Cause Fear               Hex            1%         N/A       100%        4
 Flame Wave               Conj/Fire      3%         2d5       100%        4
 Leda's Liquefaction      Hex/Erth       1%         N/A       100%        4
 Passage of Golubria      Tloc           3%         N/A       100%        4
 Fireball                 Conj/Fire      1%         3d3       100%        5
 Iskenderun's Battlesphe  Conj           3%         2d6       100%        5
 Yara's Violent Unravell  Hex/Tmut       1%         3d3       100%        5
 Conjure Ball Lightning   Conj/Air       1%         3x3d6     100%        6
 Summon Cactus Giant      Summ           1%         N/A       100%        6
 Dragon Form              Tmut           1%         N/A       100%        7
 Orb of Destruction       Conj           1%         9d5       100%        7
 Dragon's Call            Summ           1%         N/A       100%        9


Dungeon Overview and Level Annotations

Branches:
Dungeon (8/15)             Temple (1/1) D:6            Lair (2/5) D:8
 Shoals (2/4) Lair:2      Gauntlet (visited)
  Snake: Lair:2-3    Spider: Lair:2-3

Altars:
Ashenzari
Cheibriados
Dithmenos
Fedhas
Hepliaklqana
Kikubaaqudgha
Okawaru
Qazlal
Ru
Sif Muna
Vehumet
Wu Jian
Xom

Shops:
D:5 !


Innate Abilities, Weirdness & Mutations

You have a pair of small horns on your head.
You are partially covered in sharp spines.
When hurt, damage is shared between your health and your magic reserves.
You regenerate magic rapidly.
When low on magic, you restore magic in place of health.
When seriously injured, your blood forms thick armour. (AC +9)
You are partially covered in large bone plates. (SH +4)
You are weak. (Str -2)


Message History

The snapping turtle bites you but does no damage.
The skyshark bites you but does no damage.
The skyshark tail-slaps you. The skyshark misses you.
You hit the skyshark but do no damage.
The skyshark is lightly wounded.
The merfolk hits you from afar with a +1 trident of venom.
* * * LOW HITPOINT WARNING * * *
The snapping turtle is engulfed in a thunderstorm.
The snapping turtle bites you but does no damage.
The skyshark bites you!!
* * * LOW HITPOINT WARNING * * *
The skyshark enters a blood-rage!
The skyshark tail-slaps you but does no damage.
The skyshark tail-slaps you!
* * * LOW HITPOINT WARNING * * *
The manticore flicks its tail.
The volley of spikes misses you.
You hit the snapping turtle but do no damage.
You drain the snapping turtle.
The snapping turtle is almost dead.
The skyshark bites you!
* * * LOW HITPOINT WARNING * * *
The skyshark tail-slaps you but does no damage. x2
The snapping turtle is engulfed in a thunderstorm.
You kill the snapping turtle!
Qazlal accepts your kill.
The merfolk hits you but does no damage.
The barbed spikes dig painfully into your body as you move.
* * * LOW HITPOINT WARNING * * *
The skyshark is struck by your spines.
The skyshark bites you but does no damage.
The skyshark tail-slaps you.
* * * LOW HITPOINT WARNING * * *
The skyshark tail-slaps you but does no damage.
The manticore flicks its tail.
The volley of spikes hits you but does no damage.
The merfolk closely misses you. The skyshark is struck by your spines.
The skyshark bites you but does no damage.
The skyshark closely misses you. The skyshark tail-slaps you!
You die...

≈≈ .~~ ##.~>#
.....# .#
########....##
...#...○.#......#
.......☼.§..~~...
~~~...°°..§..~~~~
~~..#.@l~°~~~~~~
~ ##☼°m~.>...~
~~.<>H.........~
~~.......)~~~~~~
~~~~~~..~~≈≈≈≈≈~
~~~~~~~~~≈≈≈≈≈~~
~~~~~~..~≈≈≈≈≈~.
~~~~~~..~≈≈≈≈≈~~
~~~~~~~~~≈≈~≈≈~~


You could see a skyshark (berserk), a merfolk and a manticore.

Vanquished Creatures
  A kraken (Shoals:1)
  A minotaur (Gauntlet)
  A merfolk impaler (Shoals:1)
  Fannar (Lair:1)
  A hydra (Lair:2)
  6 death yaks (Lair:1)
  A tengu warrior (Gauntlet)
  Amaemon (Lair:1)
  4 skysharks
  A death drake (Gauntlet)
  A sea snake (Shoals:1)
  Pikel (D:5)
  A lindwurm (Lair:2)
  3 harpies (Shoals:1)
  3 manticores (Shoals:1)
  4 fauns (Shoals:1)
  3 centaur zombies (Gauntlet)
  A spectral centaur (Gauntlet)
  A merfolk siren (Shoals:1)
  4 black mambas
  A water nymph (Shoals:1)
  An orange demon (Lair:1)
  3 cane toads
  3 rime drakes
  2 komodo dragons
  2 tengu conjurers (Gauntlet)
  2 merfolk (Shoals:1)
  A polar bear (Lair:2)
  2 hornets (D:8)
  3 snapping turtles
  3 wind drakes (Shoals:1)
  5 blink frogs (Lair:2)
  2 water elementals (Shoals:1)
  2 wyverns
  25 yaks
  4 basilisks
  3 large abominations (Gauntlet)
  Menkaure (D:5)
  3 water moccasins
  3 ice beasts
  8 black bears
  4 ogres
  2 centaurs (D:6)
  A lemure (D:5)
  A phantom (D:7)
  8 bullfrogs
  3 scorpions
  4 wights (D:6)
  3 small abominations (Gauntlet)
  A howler monkey (D:5)
  2 hounds (D:6)
  2 jellies
  4 orc priests
  Crazy Yiuf (D:7)
  A gnoll bouda (D:7)
  A sleepcap (D:8)
  2 iguanas (D:5)
  5 orc wizards
  7 gnolls
  3 adders
  A shadow imp (D:7)
  An ufetubus (D:6)
  2 worms
  5 dart slugs
  21 orcs
  9 bats
  9 endoplasms
  2 giant cockroaches
  17 goblins
  11 hobgoblins
  4 jackals (D:1)
  3 quokkas
  5 ball pythons
  3 frilled lizards
  7 kobolds
  4 rats (D:1)
  3 tentacles (Shoals:1)
281 creatures vanquished.

Vanquished Creatures (collateral kills)
  A yak (Lair:1)
1 creature vanquished.

Vanquished Creatures (others)
  9 tentacles (Shoals:1)
9 creatures vanquished.

Grand Total: 291 creatures vanquished

Notes
Turn   | Place    | Note
-------+----------+-------------------------------------------
     0 | D:1      | Graphine the Demonspawn Monk began the quest for the Orb.
     0 | D:1      | Reached XP level 1. HP: 18/18 MP: 1/1
   251 | D:1      | Gained mutation: You are partially covered in sharp spines.
                  | [demonic ancestry]
   251 | D:1      | Reached XP level 2. HP: 23/24 MP: 2/2
   505 | D:1      | Reached skill level 1 in Invocations
   551 | D:1      | Reached XP level 3. HP: 29/29 MP: 3/3
  1523 | D:3      | Reached skill level 2 in Invocations
  1523 | D:3      | Gained mutation: When seriously injured, your blood forms
                  | armour. (AC +9) [demonic ancestry]
  1523 | D:3      | Reached XP level 4. HP: 36/36 MP: 5/5
  1896 | D:3      | Identified the +3 whip "Nogosate" {vamp, rPois rN+ Will+}
  2116 | D:4      | Noticed an ogre
  2125 | D:4      | Killed an ogre
  2126 | D:4      | Reached skill level 1 in Armour
  2126 | D:4      | Gained mutation: You regenerate magic rapidly. [demonic
                  | ancestry]
  2126 | D:4      | Reached XP level 5. HP: 17/42 MP: 5/7
  2264 | D:4      | Reached skill level 1 in Maces & Flails
  2303 | D:4      | Reached skill level 1 in Shields
  2303 | D:4      | Reached skill level 3 in Invocations
  2860 | D:4      | Identified the +8 chain mail "Wuut" {rElec rC++ Int-5 SInv}
  3408 | D:5      | Entered Level 5 of the Dungeon
  3411 | D:5      | Identified the +2 hat of Entitlement {Rampage Int+4}
  3425 | D:5      | Found Masas's Distillery.
  3432 | D:5      | Bought a potion of degeneration for 11 gold pieces
  3471 | D:5      | Noticed an ogre
  3481 | D:5      | Killed an ogre
  3482 | D:5      | Gained mutation: When seriously injured, your blood forms
                  | thick armour. (AC +9) [demonic ancestry]
  3482 | D:5      | Reached XP level 6. HP: 19/48 MP: 8/8
  3656 | D:5      | Noticed a water moccasin
  3670 | D:5      | Killed a water moccasin
  3683 | D:5      | Gained mutation: You have a pair of small horns on your
                  | head. [demonic ancestry]
  3683 | D:5      | Reached XP level 7. HP: 54/55 MP: 9/9
  3704 | D:5      | Reached skill level 4 in Invocations
  3869 | D:5      | Noticed Pikel
  3891 | D:5      | Killed Pikel
  3892 | D:5      | Reached skill level 5 in Fighting
  3892 | D:5      | Reached skill level 5 in Invocations
  3892 | D:5      | Reached XP level 8. HP: 56/62 MP: 11/11
  4118 | D:5      | Noticed Menkaure
  4128 | D:5      | Killed Menkaure
  4568 | D:6      | Reached skill level 5 in Dodging
  4652 | D:6      | Found a staircase to the Ecumenical Temple.
  4668 | Temple   | Entered the Ecumenical Temple
  4715 | Temple   | Became a worshipper of Qazlal Stormbringer
  4715 | Temple   | Reached * piety under Qazlal
  4715 | Temple   | Reached ** piety under Qazlal
  5069 | D:6      | Reached skill level 6 in Invocations
  5087 | D:6      | Identified the +7 short sword "Reefuwimp" {drain, rElec
                  | rN++ Str+2}
  5118 | D:6      | Reached XP level 9. HP: 61/69 MP: 13/13
  5335 | D:7      | Reached skill level 1 in Short Blades
  5508 | D:7      | Found an iron altar of Okawaru.
  5578 | D:7      | Found a runed translucent door.
  5579 | D:7      | Noticed Crazy Yiuf
  5678 | D:7      | Found a snail-covered altar of Cheibriados.
  5776 | D:7      | Reached skill level 7 in Invocations
  5854 | D:7      | Found a radiant altar of Vehumet.
  5855 | D:7      | Found a shadowy altar of Dithmenos.
  5975 | D:7      | Killed Crazy Yiuf
  6083 | D:8      | Reached *** piety under Qazlal
  6230 | D:8      | Paralysed by a hornet for 2 turns
  6245 | D:8      | Gained mutation: When hurt, damage is shared between your
                  | health and your magic reserves. [demonic ancestry]
  6245 | D:8      | Reached XP level 10. HP: 54/77 MP: 15/15
  6315 | D:8      | Found a staircase to the Lair.
  6324 | D:8      | Paralysed by a hornet for 3 turns
  6330 | D:8      | Reached skill level 5 in Armour
  6753 | Lair:1   | Entered Level 1 of the Lair of Beasts
  6763 | Lair:1   | Noticed a black mamba
  6765 | Lair:1   | Noticed an orange demon
  6775 | Lair:1   | Killed a black mamba
  6776 | Lair:1   | Reached skill level 5 in Shields
  6781 | Lair:1   | Reached skill level 1 in Spellcasting
  6784 | Lair:1   | Noticed Amaemon
  6786 | Lair:1   | Killed an orange demon
  6787 | Lair:1   | Reached skill level 8 in Invocations
  6822 | Lair:1   | Killed Amaemon
  7056 | Lair:1   | Noticed a cane toad
  7067 | Lair:1   | Killed a cane toad
  7094 | Lair:1   | Found a gate leading to a gauntlet.
  7102 | Lair:1   | Noticed a black mamba
  7112 | Lair:1   | Killed a black mamba
  7116 | Gauntlet | Entered a Gauntlet
  7116 | Gauntlet | Found a transporter.
  7116 | Gauntlet | Found a transporter.
  7118 | Gauntlet | Noticed a spectral catoblepas
  7121 | Gauntlet | Noticed a death scarab
  7195 | Gauntlet | Found a transporter.
  7212 | Gauntlet | Found a transporter.
  7212 | Gauntlet | Found a transporter.
  7212 | Gauntlet | Found a transporter.
  7214 | Gauntlet | Found a transporter.
  7214 | Gauntlet | Found a transporter.
  7216 | Gauntlet | Noticed a death drake
  7217 | Gauntlet | Noticed a spectral centaur warrior
  7227 | Gauntlet | Found a transporter.
  7227 | Gauntlet | Noticed a green death
  7242 | Gauntlet | Found a transporter.
  7246 | Gauntlet | Found a runed translucent door.
  7251 | Gauntlet | Found a runed translucent door.
  7253 | Gauntlet | Found a transporter.
  7255 | Gauntlet | Found a runed translucent door.
  7255 | Gauntlet | Noticed a glowing orange brain
  7256 | Gauntlet | Noticed a glowing orange brain
  7258 | Gauntlet | Found a transporter.
  7261 | Gauntlet | Noticed a red ugly thing
  7261 | Gauntlet | Noticed a brown ugly thing
  7292 | Gauntlet | Found a transporter.
  7302 | Gauntlet | Noticed a tengu warrior
  7305 | Gauntlet | Found a transporter.
  7385 | Gauntlet | Killed a tengu warrior
  7386 | Gauntlet | Reached skill level 9 in Invocations
  7386 | Gauntlet | Reached XP level 11. HP: 56/85 MP: 14/17
  7749 | Gauntlet | Killed a death drake
  7897 | Gauntlet | Identified the +10 plate armour of Divine Compulsion
                  | {*Corrode rF+ Int+6}
  7897 | Gauntlet | Identified the +0 kite shield "Wiffues" {rPois rC+ rCorr
                  | Dex+3}
  7897 | Gauntlet | Noticed a minotaur
  7952 | Gauntlet | Killed a minotaur
  7953 | Gauntlet | Reached skill level 5 in Short Blades
  8080 | Gauntlet | Identified the ring "Arphon" {Ice Str+4}
  8083 | Gauntlet | Identified the +0 robe of Ynked {rC+ Str+3}
  8085 | Gauntlet | Identified the +2 pair of boots of Puckaiso {rElec rPois
                  | Str+2 Int-3}
  8110 | Gauntlet | Gained mutation: You are partially covered in large bone
                  | plates. (SH +4) [potion of mutation]
  8110 | Gauntlet | Gained mutation: You are weak. (Str -2) [potion of
                  | mutation]
  8429 | Lair:1   | Noticed a death yak
  8429 | Lair:1   | Noticed a death yak
  8430 | Lair:1   | Noticed a death yak
  8430 | Lair:1   | Noticed a death yak
  8430 | Lair:1   | Noticed a death yak
  8479 | Lair:1   | Noticed a death yak
  8493 | Lair:1   | Killed a death yak
  8503 | Lair:1   | Killed a death yak
  8504 | Lair:1   | Reached skill level 10 in Invocations
  8515 | Lair:1   | Killed a death yak
  8522 | Lair:1   | Killed a death yak
  8529 | Lair:1   | Killed a death yak
  8530 | Lair:1   | Gained mutation: When low on magic, you restore magic in
                  | place of health. [demonic ancestry]
  8530 | Lair:1   | Reached XP level 12. HP: 50/94 MP: 19/19
  8544 | Lair:1   | Killed a death yak
  8820 | Lair:1   | Noticed Fannar
  8841 | Lair:1   | Killed Fannar
  9117 | Lair:2   | Noticed a seven-headed hydra
  9133 | Lair:2   | Killed a seven-headed hydra
  9141 | Lair:2   | Reached skill level 5 in Spellcasting
  9223 | Lair:2   | Reached **** piety under Qazlal
  9543 | Lair:2   | Reached skill level 11 in Invocations
  9772 | Lair:2   | Found a staircase to the Shoals.
 10211 | Shoals:1 | Entered Level 1 of the Shoals
 10269 | Shoals:1 | Reached XP level 13. HP: 94/101 MP: 21/21
 10575 | Shoals:1 | Noticed a kraken
 10599 | Shoals:1 | Killed a kraken
 10620 | Shoals:1 | Noticed a kraken
 10731 | Shoals:1 | Noticed a merfolk impaler
 10751 | Shoals:1 | Killed a merfolk impaler
 11405 | Shoals:2 | HP: 3/103 [barbs]
 11405 | Shoals:2 | Slain by a skyshark

Illustrated notes

Levels and vault maps discovered:
D:1:      dpeg_arrival_three_same_balls, layout_loops_corners, minivault_25,
          minmay_surrounded
D:2:      layout_rooms
D:3:      layout_loops_ring, minmay_strange_pillars
D:4:      cheibrodos_greedy_goblins, layout_layer_cave
D:5:      layout_loops_cross, serial_shops, shop, st_stairs_5,
          minmay_misc_feat_roman, uniq_pikel, uniq_menkaure
D:6:      layout_basic, minmay_temple_entry_hall
D:7:      layout_rooms, mainiacjoe_overflow_six_doors_small, old_standard_altar,
          nicolae_overflow_squiral, uniq_crazy_yiuf_cottage
D:8:      layout_cave_pools, david_lair_generic
Temple:   jpeg_temple_alley_garden
Lair:1:   layout_hall_layers, gauntlet_entry_generic, uniq_fannar, uniq_amaemon
Lair:2:   layout_small_grid, elwin_shoals_entry_rooms, grunt_megastairs_5
Shoals:1: layout_shoals, ldierk_geyser
Shoals:2: layout_shoals, lemuel_centaur_altar, uniq_polyphemus

Skill      XL: |  1  2  3  4  5  6  7  8  9 10 11 12 13 |
---------------+----------------------------------------+-----
Dodging        | 3 4 5 6 7 8 9 |  9.0
Long Blades    | 3 |  3.2
Invocations    | 1 2 3 5 6 7 9 10 11 | 11.9
Armour         | 1 2 3 4 5 6 7 8 |  8.2
Maces & Flails | 1 2 3 |  3.8
Shields        | 1 2 3 4 5 6 7 8 |  8.2
Fighting       | 4 5 6 7 8 9 |  9.9
Short Blades   | 3 4 5 6 7 |  7.1
Spellcasting   | 2 4 5 6 |  6.3

Action                     |  1- 3 |  4- 6 |  7- 9 | 10-12 | 13-15 || total
---------------------------+-------+-------+-------+-------+-------++-------
  Melee: Falchion          |    47 |    15 |       |       |       ||    62
         Dagger            |    38 |       |       |       |       ||    38
         Whip              |       |    73 |   123 |       |       ||   196
         Headbutt          |       |       |    67 |   166 |    67 ||   300
         Short sword       |       |       |   144 |   617 |   202 ||   963
  Throw: Javelin           |       |       |     5 |       |       ||     5
 Invoke: Elemental Force   |       |       |       |     1 |       ||     1
         Upheaval          |       |       |       |       |     2 ||     2
  Evoke: Wand              |       |       |       |       |     2 ||     2
    Use: Scroll            |     7 |     3 |     6 |     9 |     6 ||    31
         Potion            |       |     1 |       |     7 |     5 ||    13
 Armour: Robe              |    20 |       |       |       |       ||    20
         Ring mail         |     3 |    11 |       |       |       ||    14
         Chain mail        |       |    16 |   130 |   223 |   117 ||   486
  Dodge: Dodged            |    48 |    25 |    54 |    92 |    73 ||   292
         Repelled          |       |       |       |       |     6 ||     6
  Block: Buckler           |       |    32 |     6 |       |       ||    38
         Reflection        |       |     3 |     5 |     9 |     4 ||    21
         Kite shield       |       |       |   273 |   429 |   290 ||   992
         Tower shield      |       |       |       |   335 |       ||   335
